 Dungeon Crawl Stone Soup version 0.27.0-1-g7a08968 (webtiles) character file.

Game seed: 7186386181778283273

14584 BALLS the Carver (level 12, -1/63 HPs)
             Began as a Vine Stalker Fighter on Jan 20, 2022.
             Was a High Priest of Okawaru.
             Slain by an orc warrior (23 damage)
             ... in a bailey.
             The game lasted 00:35:30 (10009 turns).

BALLS the Carver (Vine Stalker Fighter)            Turns: 10009, Time: 00:35:30

Health: -1/63      AC: 13    Str: 30    XL:     12   Next: 18%
Magic:  0/18       EV: 15    Int:  8    God:    Okawaru [*****.]
Gold:   278        SH: 13    Dex: 14    Spells: 11/11 levels left

rFire    . . .     SeeInvis .   a - +2 scimitar (elec)
rCold    . . .     Faith    .   c - +0 kite shield
rNeg     . . .     Spirit   +   b - +0 scale mail
rPois    .         Reflect  .   (no helmet)
rElec    .         Harm     .   w - +0 cloak
rCorr    .         Rampage  .   (no gloves)
Will     +....                  d - +2 pair of boots
Stlth    ++........             H - amulet of regeneration
HPRegen  2.20/turn              q - +6 ring of strength
MPRegen  0.16/turn              x - +4 ring of evasion

@: heroic
A: fangs 3, regeneration 1, magic shield, antimagic bite, no potion heal 2
a: Renounce Religion, Heroism, Finesse


You were in a bailey.
You worshipped Okawaru.
Okawaru was extremely pleased with you.
You visited 3 branches of the dungeon, and saw 13 of its levels.
You also visited: Bailey.

You collected 558 gold pieces.
You spent 280 gold pieces at shops.

Inventory:

Hand Weapons
 a - a +2 scimitar of electrocution (weapon)
 F - a +2 double sword of draining
 L - a +3 long sword of freezing
 O - a +3 vorpal great sword
Missiles
 K - a throwing net (quivered)
Armour
 b - a +0 scale mail (worn)
 c - a +0 kite shield (worn)
 d - a +2 pair of boots (worn)
 w - a +0 cloak (worn)
Jewellery
 h - a ring of protection from cold
 q - a +6 ring of strength (left hand)
 x - a +4 ring of evasion (right hand)
 y - a ring of positive energy
 E - a ring of resist corrosion
 H - an amulet of regeneration (around neck)
Wands
 k - a wand of flame (13)
 o - a wand of iceblast (20)
 p - a wand of polymorph (29)
 C - a wand of charming (7)
 N - a wand of acid (1)
Scrolls
 f - a scroll of teleportation
 i - 4 scrolls of fear
 j - 3 scrolls of vulnerability
 l - a scroll of torment {unknown}
 m - 2 scrolls of fog
 r - a scroll of enchant weapon {unknown}
 t - 3 scrolls of enchant armour
 u - a scroll of magic mapping
 A - 2 scrolls of amnesia
 B - a scroll of summoning
 D - a scroll of holy word {unknown}
 J - 2 scrolls of silence {unknown}
Potions
 e - a potion of flight {unknown}
 g - 2 potions of curing
 n - a potion of ambrosia {unknown}
 s - 5 potions of heal wounds
 v - a potion of mutation {unknown}
 z - a potion of magic {unknown}
 G - a potion of cancellation {unknown}
 M - a potion of haste
Miscellaneous
 I - a piece from Xom's chessboard (15/15)


   Skills:
 - Level 7.0(12.0) Fighting
 + Level 13.6(18.6) Long Blades
 - Level 5.0(10.0) Armour
 - Level 5.0(10.0) Shields
 - Level 7.0 Invocations


You had 11 spell levels left.
You didn't know any spells.
Your spell library contained the following spells:

 Spells                   Type           Power      Damage    Failure   Level
 Slow                     Hex            0%         N/A       92%         2
 Static Discharge         Conj/Air       0%         N/A       92%         2
 Confusing Touch          Hex            0%         N/A       99%         3
 Ignite Poison            Fire/Tmut/Pois 0%         N/A       99%         3
 Inner Flame              Hex/Fire       0%         N/A       99%         3
 Mephitic Cloud           Conj/Pois/Air  0%         N/A       99%         3
 Ozocubu's Armour         Ice            0%         N/A       99%         3
 Stone Arrow              Conj/Erth      0%         3d7       99%         3
 Vampiric Draining        Necr           0%         2d6       99%         3
 Animate Armour           Summ/Erth      0%         N/A       100%        4
 Cause Fear               Hex            0%         N/A       100%        4
 Dispel Undead            Necr           0%         3d6       100%        4
 Sticky Flame             Conj/Fire      0%         2d3       100%        4
 Bolt of Magma            Conj/Fire/Erth 0%         4d4       100%        5
 Metabolic Englaciation   Hex/Ice        0%         N/A       100%        5
 Simulacrum               Ice/Necr       0%         N/A       100%        6
 Dragon Form              Tmut           0%         N/A       100%        7
 Discord                  Hex            0%         N/A       100%        8
 Lehudib's Crystal Spear  Conj/Erth      0%         10d2      100%        8
 Dragon's Call            Summ           0%         N/A       100%        9


Dungeon Overview and Level Annotations

Branches:
Dungeon (11/15)            Temple (1/1) D:7            Lair (1/6) D:8
    Orc (0/2) D:9          Bailey (1/1)

Altars:
Ashenzari
Cheibriados
Dithmenos
Elyvilon
Fedhas
Gozag
Hepliaklqana
Kikubaaqudgha
Makhleb
Nemelex Xobeh
Okawaru
Qazlal
Ru
Sif Muna
Trog
Uskayaw
Vehumet
Wu Jian
Xom
Yredelemnul
Zin
The Shining One

Shops:
D:2 ?   D:6 ?   D:9 :

Annotations:
D:5 1 runed translucent door, everene's ghost, novice FeEn
D:7 2 transporters, Vixxxy's ghost, novice GrMo


Innate Abilities, Weirdness & Mutations

You have razor-sharp teeth.
Your natural rate of healing is unusually fast.
When hurt, damage is shared between your health and your magic reserves.
Your bite disrupts and absorbs the magic of your enemies.
Potions cannot restore your health.


Message History

The orc warrior shouts!
You hear a shout!
An orc knight comes into view. It is wielding a +0 halberd.
The orc warrior no longer looks unusually strong.
The orc knight roars a battlecry!
The orcs go into a battle-frenzy!
You gain the combat prowess of a mighty hero.
The orc no longer looks unusually strong.
You block the orc knight's attack. You block the orc knight's attack.
You block the orc warrior's attack.
Things that are here:
a +0 trident; a +0 scale mail; an orc corpse You slash the orc knight!
You bite the orc knight, but do no damage.
The orc knight is moderately wounded.
The orc knight hits you with a +0 halberd!
The orc warrior hits you from afar with a +0 halberd!!
You slash the orc knight!
Lightning courses through the orc knight!
You bite the orc knight! You drain its power.
You feel invigorated.
The orc knight is severely wounded.
The orc knight roars a battlecry!
The orc knight goes into a battle-frenzy!
The orc knight hits you with a +0 halberd!!
* * * LOW HITPOINT WARNING * * *
The orc knight closely misses you.
There is a gate leading back out of this place here.
Okay, then.
Aiming: Corrosive Bolt
Press: ? - help, Shift-Dir - straight line, f - orc knight
Aim: an orc knight, wielding a +0 halberd and wearing a +0 plate armour (severely wounded, strong, 71% to hit)
The bolt of acid hits the orc knight.
The orc knight is splashed with acid.
The acid corrodes the orc knight!
The orc knight is almost dead.
You block the orc warrior's attack.
The orc knight roars a battlecry!
The orc warrior barely misses you. You block the orc knight's attack.
You hit the orc knight. Your bite misses the orc knight.
The orc knight is almost dead.
The orc warrior hits you with a +0 halberd!!
You die...

### ##∩## #.∩@#
#)oo#
o≈≈.......≈≈o≈≈
oo≈.......≈oo.≈
≈o≈≈.......≈≈o≈≈
≈≈≈..#...#..≈≈≈.
....##...##.....
#### ##∩## #####
##


You could see 2 orc knights, 2 orc warriors and an orc (strong).

Vanquished Creatures
  2 two-headed ogres
  A skeletal warrior (D:11)
  A cane toad (Lair:1)
  2 komodo dragons
  Psyche (D:8)
  2 kobold demonologists (D:10)
  3 trolls
  A hornet (D:8)
  3 slime creatures (D:7)
  A shadow (D:10)
  A wyvern (D:9)
  Sigmund (D:4)
  17 yaks
  2 wraiths
  Grum (D:10)
  3 vampire mosquitoes (D:11)
  2 steam dragons
  Menkaure (D:4)
  Duvessa (D:4)
  An acid dragon (D:11)
  3 water moccasins
  A sky beast (D:6)
  An ice beast (D:8)
  11 orc warriors
  A black bear (D:6)
  3 necrophages
  4 wolves (D:9)
  6 centaurs
  An ogre (D:3)
  A phantom (D:6)
  4 kobold brigands (D:10)
  Blork the orc (D:4)
  3 bullfrogs
  A wyvern zombie (D:7)
  A scorpion (D:5)
  Dowan (D:4)
  2 water moccasin skeletons
  3 killer bees (D:10)
  3 wights (D:9)
  6 howler monkeys
  A jelly (D:5)
  4 centaur zombies
  A hound (D:6)
  A centaur skeleton (D:7)
  10 orc priests
  A gnoll shaman (D:7)
  An iguana (D:7)
  Jessica (D:2)
  Ijyb (D:5)
  Natasha (D:1)
  Terence (D:3)
  13 orc wizards
  A killer bee zombie (D:8)
  A howler monkey zombie (D:9)
  12 gnolls
  13 adders
  4 white imps
  An ufetubus (D:6)
  4 worms
  A dart slug (D:1)
  47 orcs
  9 endoplasms
  9 giant cockroaches
  13 goblins
  10 hobgoblins
  12 kobolds
  3 quokkas
  6 ball pythons
  6 bats
  7 frilled lizards
  A rat (D:3)
300 creatures vanquished.

Vanquished Creatures (others)
  21 plants
21 creatures vanquished.

Grand Total: 321 creatures vanquished

Notes
Turn   | Place    | Note
-------+----------+-------------------------------------------
     0 | D:1      | BALLS the Vine Stalker Fighter began the quest for the Orb.
     0 | D:1      | Reached XP level 1. HP: 11/11 MP: 2/2
    24 | D:1      | Reached skill level 2 in Long Blades
   155 | D:1      | Reached XP level 2. HP: 15/16 MP: 1/3
   427 | D:1      | Reached skill level 3 in Long Blades
   432 | D:1      | Reached XP level 3. HP: 19/19 MP: 4/4
   770 | D:2      | Noticed Natasha
   782 | D:1      | Killed Natasha
   853 | D:2      | Gained mutation: Your natural rate of healing is unusually
                  | fast. [Vine Stalker growth]
   853 | D:2      | Reached XP level 4. HP: 15/23 MP: 5/5
  1010 | D:2      | Reached skill level 4 in Long Blades
  1057 | D:2      | Noticed Jessica
  1083 | D:2      | Killed Jessica
  1084 | D:2      | Reached XP level 5. HP: 26/27 MP: 4/6
  1296 | D:2      | Found Ryimos's Magic Scroll Emporium.
  1422 | D:2      | Reached skill level 5 in Long Blades
  1523 | D:2      | Found a faded altar of an unknown god.
  1864 | D:3      | Reached XP level 6. HP: 27/32 MP: 7/7
  1935 | D:3      | Reached skill level 6 in Long Blades
  2123 | D:3      | Noticed Terence
  2136 | D:3      | Killed Terence
  2322 | D:3      | Reached XP level 7. HP: 24/35 MP: 2/8
  2461 | D:4      | Reached skill level 7 in Long Blades
  2536 | D:4      | Noticed Blork the orc
  2559 | D:4      | Killed Blork the orc
  2727 | D:4      | Noticed Duvessa
  2727 | D:4      | Noticed Dowan
  2753 | D:4      | HP: 1/37 [Duvessa (3)]
  2757 | D:4      | Killed Duvessa
  2759 | D:4      | Killed Dowan
  2760 | D:4      | Reached skill level 5 in Fighting
  2760 | D:4      | Gained mutation: You have razor-sharp teeth. [Vine Stalker
                  | growth]
  2760 | D:4      | Reached XP level 8. HP: 8/43 MP: 1/9
  3343 | D:4      | Noticed Sigmund
  3393 | D:5      | Entered Level 5 of the Dungeon
  3722 | D:5      | Noticed Ijyb
  3755 | D:5      | Found a glowing silver altar of Zin.
  4048 | D:5      | Reached skill level 5 in Shields
  4062 | D:5      | Found a runed translucent door.
  4063 | D:5      | Noticed everene's ghost (novice FeEn)
  4335 | D:5      | Killed Ijyb
  4561 | D:4      | Killed Sigmund
  4587 | D:4      | Noticed Menkaure
  4594 | D:4      | Reached skill level 8 in Long Blades
  4617 | D:4      | Killed Menkaure
  4795 | D:6      | Noticed a wraith
  4808 | D:5      | Reached XP level 9. HP: 47/47 MP: 10/10
  4940 | D:6      | Reached skill level 9 in Long Blades
  5375 | D:6      | Reached skill level 10 in Long Blades
  5445 | D:6      | Found Renuox's Magic Scroll Emporium.
  5623 | D:7      | Found a staircase to the Ecumenical Temple.
  5647 | Temple   | Entered the Ecumenical Temple
  5654 | Temple   | Became a worshipper of Warmaster Okawaru
  5872 | D:7      | Reached XP level 10. HP: 46/53 MP: 12/14
  6022 | D:7      | Found a transporter.
  6028 | D:7      | Noticed Vixxxy's ghost (novice GrMo)
  6281 | D:7      | Reached skill level 5 in Invocations
  6413 | D:7      | Found a transporter.
  6806 | D:8      | Paralysed by a hornet for 2 turns
  6932 | D:8      | Reached * piety under Okawaru
  6944 | D:8      | Found a staircase to the Lair.
  7081 | D:8      | Noticed Psyche
  7089 | D:8      | Killed Psyche
  7135 | D:8      | Noticed a two-headed ogre
  7156 | D:8      | Killed a two-headed ogre
  7156 | D:8      | Reached ** piety under Okawaru
  7157 | D:8      | Reached skill level 5 in Armour
  7587 | Lair:1   | Entered Level 1 of the Lair of Beasts
  7649 | Lair:1   | Noticed a cane toad
  7660 | Lair:1   | Killed a cane toad
  7660 | Lair:1   | Reached *** piety under Okawaru
  7661 | Lair:1   | Reached XP level 11. HP: 58/58 MP: 15/17
  7719 | Lair:1   | Noticed a five-headed hydra
  8181 | D:9      | Found Goehoel's Book Emporium.
  8380 | D:9      | Reached skill level 11 in Long Blades
  8418 | D:9      | Found a staircase to the Orcish Mines.
  8560 | D:10     | Entered Level 10 of the Dungeon
  8580 | D:10     | Noticed Grum
  8640 | D:10     | Killed Grum
  8715 | D:10     | Identified 2 scrolls of acquirement
  8716 | D:10     | Acquired a ring of protection from cold
  8717 | D:10     | Acquired a +2 double sword of distortion
  8825 | D:6      | Bought a scroll of brand weapon for 280 gold pieces
  9158 | D:10     | Reached **** piety under Okawaru
  9194 | D:10     | Noticed a two-headed ogre
  9203 | D:10     | Killed a two-headed ogre
  9204 | D:10     | Reached skill level 12 in Long Blades
  9211 | D:10     | Reached ***** piety under Okawaru
  9763 | D:11     | Noticed a four-headed hydra
  9771 | D:11     | Noticed a skeletal warrior
  9775 | D:11     | Received a gift from Okawaru
  9788 | D:11     | Killed a skeletal warrior
  9789 | D:11     | Reached skill level 13 in Long Blades
  9789 | D:11     | Reached XP level 12. HP: 63/63 MP: 18/18
  9919 | D:11     | Found a flagged portal.
  9946 | Bailey   | Entered a bailey
 10009 | Bailey   | Slain by an orc warrior

Illustrated notes

Levels and vault maps discovered:
D:1:      minmay_arrival_up_and_down, layout_loops_cross,
          minmay_worlds_worst_comb
D:2:      minmay_spotlight, layout_loops_ring, serial_shops,
          nicolae_shop_crystal, dreamdust_ecumenical_altar_angels_and_demons,
          minmay_pentomino_pile, uniq_jessica, uniq_natasha
D:3:      minmay_recursive_quarters, layout_rooms, uniq_terence
D:4:      layout_gridville, grunt_decor_mini_mirrors, uniq_duvessa,
          uniq_menkaure, uniq_sigmund, uniq_blork_the_orc
D:5:      layout_rooms, lemuel_crystal_altar, serial_co_window_serial,
          co_window_corner_a, co_window_of_opportunity_a, co_window_paths_a,
          co_window_of_opportunity_a, co_window_paths_a, co_window_broadway_b,
          co_window_corner_ca, co_window_broadway_a, co_window_paths_e,
          glass_columns_a, glass_columns_b, glass_columns_a,
          ebering_ghost_inner_flame, guppyfry_early_orc_mine, uniq_ijyb
D:6:      layout_basic, serial_shops, kennysheep_little_box,
          serial_corexii_hall, corexii_hall_statues_i,
          chequers_hall_statues_wall_a
D:7:      layout_loops_corners, minmay_temple_entry_slanted, nzn_ghost_randoct
D:8:      layout_loops_cross, david_lair_shrubbed, uniq_psyche
D:9:      layout_small_grid, david_orc_4, serial_shops,
          nicolae_shop_behind_doors
D:10:     layout_long_grid, serial_bayou_pond_c, minmay_puff, uniq_grum
D:11:     nzn_winding_woodlands_three_and_one [nzn_winding_woodlands_5x15_eye,
          nzn_winding_woodlands_5x15_river_crossing,
          nzn_winding_woodlands_5x15_default,
          nzn_winding_woodlands_center_garden], layout_rooms, enter_bailey_6,
          amcnicky_mini_rare_corridor_liquid, minmay_st_funbox, uniq_fannar
Temple:   compressed_dpeg_circular_temple
Lair:1:   layout_layer_cave, st_stairs_6
Bailey:   bailey_polearm_4, bailey

Skill      XL: |  1  2  3  4  5  6  7  8  9 10 11 |
---------------+----------------------------------+-----
Long Blades    | 2 3 4 5 6 7 8 10 13 | 13.6
Fighting       | 5 7 |  7.0
Shields        | 5 |  5.0
Invocations    | 4 7 |  7.0
Armour         | 5 |  5.0

Action                   |  1- 3 |  4- 6 |  7- 9 | 10-12 || total
-------------------------+-------+-------+-------+-------++-------
Melee: Long sword        |    50 |   206 |   244 |   278 ||   778
       Bite              |    15 |    53 |   110 |   185 ||   363
       Unarmed           |       |       |     6 |       ||     6
       Scimitar          |       |       |       |   142 ||   142
       Double sword      |       |       |       |     7 ||     7
Invok: Heroism           |       |       |       |     3 ||     3
Evoke: Wand              |       |       |       |     1 ||     1
  Use: Potion            |       |       |     4 |       ||     4
       Scroll            |       |       |     5 |    12 ||    17
Armor: Scale mail        |    15 |    76 |    60 |   118 ||   269
       Skin              |       |       |     5 |       ||     5
Dodge: Dodged            |    12 |    62 |    93 |   175 ||   342
Block: Kite shield       |    30 |   106 |   117 |   237 ||   490
       Rpst.: Long sword |     6 |    18 |    26 |    29 ||    79
       Scimitar          |       |       |       |    16 ||    16
